Description

Attack at 5 minutes with a mixed force of Siege Tanks, Marines, and Liberators.

Replay - 111 5 min Blitz (decently executed)

Build Order

Get SALT Encoding   

  12  0:00  SCV  
  13  0:13  SCV  
  14  0:21  Supply Depot  
  14  0:25  SCV  
  15  0:33  Refinery  
  15  0:43  Barracks  
  15  0:46  SCV  
  16  0:53  Refinery  
  16  0:58  SCV  
  17  1:10  SCV  
  18  1:23  SCV  
  19  1:29  Supply Depot  
  19  1:33  Marine  
  19  1:35  SCV  
  22  1:47  SCV  
  22  1:53  Barracks Tech Lab  
  22  1:57  Factory  
  22  2:01  SCV  
  23  2:11  Marine  
  27  2:48  Starport  
  27  2:51  Orbital Command  
  27  2:53  Siege Tank  
  27  2:54  Barracks Reactor  
  30  3:01  Supply Depot  
  30  3:12  Liberator  
  30  3:18  Supply Depot  
  30  3:27  Starport Reactor  
  30  3:30  Siege Tank  
  30  3:32  Marine x2  
  38  3:50  Marine x2  
  34  3:55  Liberator  
  40  3:57  Supply Depot  
  43  4:38  Liberator, Command Center, Marine x2  
  43  4:50  Siege Tank  
  46  4:55  Marine x2  
  52  5:22  Siege Tank  
  55  5:33  Barracks  
  55  5:59  Siege Tank  
  55  6:31  Siege Tank  
Spawning Tool Build Advisor. Get it on Overwolf

Go to:

Details

  • Created by: Ziggy
  • Published on: Dec 11, 2018
  • Modified on: Dec 11, 2018
  • Patch: 4.7.1
Show
View Real Time Build Order
Export as new Build Order

Comments (0)

There are no comments. Be the first!

Create an account to comment!